SL
ROCKY MOUNTAIN NUGGETS @ FT. WORTH CATTLEMEN
09/20/2030
 
TOP OF THE 1ST
Rocky Mountain Nuggets batting - Pitching for Ft. Worth Cattlemen : RHP Dave Reed
Pitching: RHP Dave Reed
Batting: RHB Luis Ríos 0-0: Called Strike
0-1: Ball
1-1: Ball
2-1: Swinging Strike
2-2: Foul Ball, location: 2F
2-2: Foul Ball, location: 2F
2-2: Strikes out swinging
Batting: RHB Manuel Becerra 0-0: Ball
1-0: Ball
2-0: Ball
3-0: Base on Balls
Batting: RHB Iván Vega 0-0: Foul Ball, location: 2F
0-1: Ball
1-1: Grounds into double play, 6-4-3 (Groundball, 6)
Top of the 1st over - 0 runs, 0 hits, 0 errors, 0 left on base; Rocky Mountain 0 - Ft. Worth 0
BOTTOM OF THE 1ST
Ft. Worth Cattlemen batting - Pitching for Rocky Mountain Nuggets : LHP Vincent Hall
Pitching: LHP Vincent Hall
Batting: SHB Javier Vázquez 0-0: Ball
1-0: Called Strike
1-1: Called Strike
1-2: Ball
2-2: Strikes out swinging
Batting: LHB Rick Mayfield 0-0: Ball
1-0: Swinging Strike
1-1: Ball
2-1: SOLO HOME RUN (Flyball, 8LXD), Distance : 440 ft
Batting: RHB Bart Lewis 0-0: Ball
1-0: SINGLE (Flyball, 78M)
Batting: RHB Gilberto Juárez 0-0: Called Strike
0-1: Ball
1-1: Foul Ball, location: 2F
1-2: Ball
2-2: Ball
3-2: SINGLE (Line Drive, 9LS)
Bart Lewis to second
Batting: RHB Alan Elder 0-0: Ball
1-0: Called Strike
1-1: Swinging Strike
1-2: Ball
2-2: Strikes out looking
Batting: RHB Lloyd Alberink 0-0: Called Strike
0-1: Ground out 5-3 (Groundball, 56S)
Bottom of the 1st over - 1 run, 3 hits, 0 errors, 2 left on base; Rocky Mountain 0 - Ft. Worth 1
TOP OF THE 2ND
Rocky Mountain Nuggets batting - Pitching for Ft. Worth Cattlemen : RHP Dave Reed
Batting: LHB Javier Sánchez 0-0: Foul Ball, location: 2F
0-1: Ball
1-1: Ball
2-1: Foul Ball, location: 2F
2-2: Foul Ball, location: 2F
2-2: Fly out, F9 (Line Drive, 9)
Batting: RHB Paco Muńóz 0-0: Ball
1-0: Ball
2-0: Ball
3-0: Base on Balls
Batting: LHB Roberto Sánchez 0-0: Called Strike
0-1: Fielders Choice at 2nd, 3-6 (Groundball, 3)
Batting: RHB Ludwig Kluge 0-0: Ball
1-0: Foul Ball, location: 2F
1-1: Ball
2-1: Ground out 1-3 (Groundball, P)
Top of the 2nd over - 0 runs, 0 hits, 0 errors, 1 left on base; Rocky Mountain 0 - Ft. Worth 1
BOTTOM OF THE 2ND
Ft. Worth Cattlemen batting - Pitching for Rocky Mountain Nuggets : LHP Vincent Hall
Batting: SHB Marcos Roa 0-0: Foul Ball, location: 2F
0-1: Ball
1-1: Fly out, F7 (Flyball, 78M)
Batting: LHB Chris Etheridge 0-0: Fly out, F8 (Flyball, 8RD)
Batting: RHB Orlando Montoya 0-0: Ball
1-0: SINGLE (Groundball, 6M) (infield hit)
Batting: SHB Javier Vázquez 0-0: Ball
1-0: Ground out U3 (Groundball, 3S)
Bottom of the 2nd over - 0 runs, 1 hit, 0 errors, 1 left on base; Rocky Mountain 0 - Ft. Worth 1
TOP OF THE 3RD
Rocky Mountain Nuggets batting - Pitching for Ft. Worth Cattlemen : RHP Dave Reed
Batting: RHB Pedro Longoria 0-0: Called Strike
0-1: Ball
1-1: Ball
2-1: Ground out 5-3 (Groundball, 56)
Batting: RHB Hieu De 0-0: Ball
1-0: Foul Ball, location: 2F
1-1: Ball
2-1: Foul Ball, location: 2F
2-2: Foul Ball, location: 2F
2-2: Foul Ball, location: 2F
2-2: Strikes out looking
Batting: RHB Luis Ríos 0-0: Called Strike
0-1: Called Strike
0-2: Ball
1-2: Ground out 6-3 (Groundball, 6)
Top of the 3rd over - 0 runs, 0 hits, 0 errors, 0 left on base; Rocky Mountain 0 - Ft. Worth 1
BOTTOM OF THE 3RD
Ft. Worth Cattlemen batting - Pitching for Rocky Mountain Nuggets : LHP Vincent Hall
Batting: LHB Rick Mayfield 0-0: Called Strike
0-1: Ball
1-1: Ball
2-1: Called Strike
2-2: Ball
3-2: Foul Ball, location: 2F
3-2: Fly out, F7 (Flyball, 7S)
Batting: RHB Bart Lewis 0-0: Ball
1-0: Foul Ball, location: 2F
1-1: Ball
2-1: Ball
3-1: Foul Ball, location: 2F
3-2: Ground out 3-1 (Groundball, 34)
Batting: RHB Gilberto Juárez 0-0: Called Strike
0-1: Foul Ball, location: 2F
0-2: Ball
1-2: Foul Ball, location: 2F
1-2: Ball
2-2: Foul Ball, location: 2F
2-2: Foul Ball, location: 2F
2-2: Strikes out swinging
Bottom of the 3rd over - 0 runs, 0 hits, 0 errors, 0 left on base; Rocky Mountain 0 - Ft. Worth 1
TOP OF THE 4TH
Rocky Mountain Nuggets batting - Pitching for Ft. Worth Cattlemen : RHP Dave Reed
Batting: RHB Manuel Becerra 0-0: Called Strike
0-1: Foul Ball, location: 2F
0-2: Strikes out swinging
Batting: RHB Iván Vega 0-0: Foul Ball, location: 2F
0-1: Ground out 6-3 (Groundball, 6)
Batting: LHB Javier Sánchez 0-0: Ball
1-0: Ball
2-0: Ground out 5-3 (Groundball, 56)
Top of the 4th over - 0 runs, 0 hits, 0 errors, 0 left on base; Rocky Mountain 0 - Ft. Worth 1
BOTTOM OF THE 4TH
Ft. Worth Cattlemen batting - Pitching for Rocky Mountain Nuggets : LHP Vincent Hall
Batting: RHB Alan Elder 0-0: Ball
1-0: Foul Ball, location: 2F
1-1: Swinging Strike
1-2: Strikes out looking
Batting: RHB Lloyd Alberink 0-0: Ball
1-0: Foul Ball, location: 2F
1-1: SINGLE (Line Drive, 56)
Batting: SHB Marcos Roa 0-0: Called Strike
0-1: Foul Ball, location: 2F
0-2: Fly out, F9 (Flyball, 89S)
Batting: LHB Chris Etheridge 0-0: Foul Ball, location: 2F
0-1: Foul Ball, location: 2F
0-2: Foul Ball, location: 2F
0-2: Fly out, F9 (Flyball, 9LS)
Bottom of the 4th over - 0 runs, 1 hit, 0 errors, 1 left on base; Rocky Mountain 0 - Ft. Worth 1
TOP OF THE 5TH
Rocky Mountain Nuggets batting - Pitching for Ft. Worth Cattlemen : RHP Dave Reed
Batting: RHB Paco Muńóz 0-0: Ball
1-0: Ball
2-0: Called Strike
2-1: SINGLE (Groundball, 5D)
Batting: LHB Roberto Sánchez 0-0: Ball
1-0: Called Strike
1-1: Swinging Strike
1-2: Strikes out swinging
Batting: RHB Ludwig Kluge 0-0: Called Strike
0-1: Ball
1-1: Ball
2-1: Foul Ball, location: 2F
2-2: Strikes out swinging
Batting: RHB Pedro Longoria 0-0: Foul Ball, location: 2F
0-1: Foul Ball, location: 2F
0-2: Ball
1-2: SINGLE (Groundball, 6D)
Paco Muńóz to second
Batting: RHB Hieu De 0-0: Called Strike
0-1: Ball
1-1: Ball
2-1: Fielders Choice at 2nd, 5-4 (Groundball, 56)
Top of the 5th over - 0 runs, 2 hits, 0 errors, 2 left on base; Rocky Mountain 0 - Ft. Worth 1
BOTTOM OF THE 5TH
Ft. Worth Cattlemen batting - Pitching for Rocky Mountain Nuggets : LHP Vincent Hall
Batting: RHB Orlando Montoya 0-0: Ground out 1-3 (Groundball, 13)
Batting: SHB Javier Vázquez 0-0: Foul Ball, location: 2F
0-1: Ball
1-1: Swinging Strike
1-2: Foul Ball, location: 2F
1-2: Ball
2-2: Ball
3-2: Ground out 4-3 (Groundball, 4)
Batting: LHB Rick Mayfield 0-0: Ball
1-0: Ball
2-0: Ball
3-0: Foul Ball, location: 2F
3-1: Base on Balls
Batting: RHB Bart Lewis 0-0: Ball
Throwing error on steal attempt, E2
Rick Mayfield to third
1-0: Called Strike
1-1: Swinging Strike
1-2: Strikes out looking
Bottom of the 5th over - 0 runs, 0 hits, 1 error, 1 left on base; Rocky Mountain 0 - Ft. Worth 1
TOP OF THE 6TH
Rocky Mountain Nuggets batting - Pitching for Ft. Worth Cattlemen : RHP Dave Reed
Batting: RHB Luis Ríos 0-0: Ball
1-0: Called Strike
1-1: Ball
2-1: Swinging Strike
2-2: Strikes out looking
Batting: RHB Manuel Becerra 0-0: Ball
1-0: SINGLE (Groundball, 6MD)
Batting: RHB Iván Vega 0-0: Swinging Strike
0-1: Swinging Strike
0-2: Strikes out swinging
Batting: LHB Javier Sánchez 0-0: Ball
Manuel Becerra steals 2nd base
1-0: Foul Ball, location: 2F
1-1: 2-RUN HOME RUN (Flyball, 9LD), Distance : 341 ft
Batting: RHB Paco Muńóz 0-0: Ball
1-0: SOLO HOME RUN (Flyball, 7LD), Distance : 351 ft
Batting: LHB Roberto Sánchez 0-0: Foul Ball, location: 2F
0-1: Swinging Strike
0-2: Ball
1-2: Ball
2-2: Ball
3-2: Fly out, F8 (Flyball, 8LXD)
Top of the 6th over - 3 runs, 3 hits, 0 errors, 0 left on base; Rocky Mountain 3 - Ft. Worth 1
BOTTOM OF THE 6TH
Ft. Worth Cattlemen batting - Pitching for Rocky Mountain Nuggets : LHP Vincent Hall
Batting: RHB Gilberto Juárez 0-0: Swinging Strike
0-1: Ball
1-1: Ball
2-1: Fly out, F8 (Line Drive, 89S)
Batting: RHB Alan Elder 0-0: Called Strike
0-1: Ball
1-1: Foul Ball, location: 2F
1-2: Hit by Pitch
Batting: RHB Lloyd Alberink 0-0: Grounds into double play, 4-6-3 (Groundball, 4M)
Bottom of the 6th over - 0 runs, 0 hits, 0 errors, 0 left on base; Rocky Mountain 3 - Ft. Worth 1
TOP OF THE 7TH
Rocky Mountain Nuggets batting - Pitching for Ft. Worth Cattlemen : RHP Dave Reed
Pitching: RHP Pedro Figueroa
Batting: RHB Ludwig Kluge 0-0: Ball
1-0: Foul Ball, location: 2F
1-1: Ball
2-1: Swinging Strike
2-2: Strikes out swinging
Batting: RHB Pedro Longoria 0-0: Ball
1-0: Foul Ball, location: 2F
1-1: Called Strike
1-2: Ball
2-2: Fly out, F8 (Flyball, 8RD)
Batting: RHB Hieu De 0-0: Ball
1-0: Ball
2-0: Foul Ball, location: 2F
2-1: Ball
3-1: Called Strike
3-2: Strikes out swinging
Top of the 7th over - 0 runs, 0 hits, 0 errors, 0 left on base; Rocky Mountain 3 - Ft. Worth 1
BOTTOM OF THE 7TH
Ft. Worth Cattlemen batting - Pitching for Rocky Mountain Nuggets : LHP Vincent Hall
Batting: SHB Marcos Roa 0-0: SINGLE (Groundball, 4MD)
Batting: LHB Chris Etheridge 0-0: Ball
1-0: Fly out, F3 (Popup, 3SF)
Batting: RHB Orlando Montoya 0-0: Foul Ball, location: 2F
0-1: SINGLE (Line Drive, 7S)
Marcos Roa to second
Pinch Hitting: RHB Tim Burney 0-0: Ball
1-0: Foul Ball, location: 2F
1-1: DOUBLE (Flyball, 89XD)
Marcos Roa scores
Orlando Montoya to third
Runner from 3rd tries for Home, SAFE, no throw
Pitching: RHP Hunter Wilson
Batting: LHB Rick Mayfield 0-0: Ball
1-0: SINGLE (Groundball, 34D)
Tim Burney to third
Batting: RHB Bart Lewis 0-0: Ball
1-0: Ball
2-0: Ball
3-0: Base on Balls
Rick Mayfield to second
Batting: RHB Gilberto Juárez 0-0: Ball
1-0: Called Strike
1-1: Foul Ball, location: 2F
1-2: Ball
2-2: Foul Ball, location: 2F
2-2: Strikes out looking
Batting: RHB Alan Elder 0-0: Foul Ball, location: 2F
0-1: Called Strike
0-2: Strikes out looking
Bottom of the 7th over - 2 runs, 4 hits, 0 errors, 3 left on base; Rocky Mountain 3 - Ft. Worth 3
TOP OF THE 8TH
Rocky Mountain Nuggets batting - Pitching for Ft. Worth Cattlemen : RHP Pedro Figueroa
Now in LF: Roberto Mosca
Batting: RHB Luis Ríos 0-0: Ball
1-0: Foul Ball, location: 2F
1-1: Ball
2-1: Foul Ball, location: 2F
2-2: Foul Ball, location: 2F
2-2: Strikes out swinging
Batting: RHB Manuel Becerra 0-0: Ball
1-0: Ball
2-0: Ball
3-0: Called Strike
3-1: Base on Balls
Batting: RHB Iván Vega 0-0: Ball
Manuel Becerra is caught stealing 2nd base
1-0: Called Strike
1-1: Called Strike
1-2: Fly out, F5 (Line Drive, 6)
Top of the 8th over - 0 runs, 0 hits, 0 errors, 0 left on base; Rocky Mountain 3 - Ft. Worth 3
BOTTOM OF THE 8TH
Ft. Worth Cattlemen batting - Pitching for Rocky Mountain Nuggets : RHP Hunter Wilson
Batting: RHB Lloyd Alberink 0-0: Ball
1-0: Ball
2-0: DOUBLE (Groundball, 5L)
Batting: SHB Marcos Roa 0-0: Ball
1-0: Ground out 1-3 (Groundball, 15S)
Batting: LHB Chris Etheridge 0-0: Intentional Walk
Pinch Hitting: SHB Robby Day 0-0: Ball
1-0: Ball
2-0: Called Strike
2-1: DOUBLE (Flyball, 8LXD)
Lloyd Alberink scores
Chris Etheridge to third
Pinch Runner at 2nd Armando Romano:
Batting: SHB Roberto Mosca 0-0: Ball
1-0: Called Strike
1-1: Ball
2-1: Foul Ball, location: 2F
2-2: Foul Ball, location: 2F
2-2: Fly out, F9 (Flyball, 9S)
Batting: LHB Rick Mayfield 0-0: Called Strike
0-1: Ball
1-1: Foul Ball, location: 2F
1-2: Fly out, F9 (Line Drive, 9)
Bottom of the 8th over - 1 run, 2 hits, 0 errors, 2 left on base; Rocky Mountain 3 - Ft. Worth 4
TOP OF THE 9TH
Rocky Mountain Nuggets batting - Pitching for Ft. Worth Cattlemen : RHP Pedro Figueroa
Pitching: LHP Asher Spivey
Now at 2B: Armando Romano
Batting: LHB Javier Sánchez 0-0: Fly out, F6 (Line Drive, 56)
Batting: RHB Paco Muńóz 0-0: Called Strike
0-1: Called Strike
0-2: Ball
1-2: Strikes out swinging
Batting: LHB Roberto Sánchez 0-0: Ball
1-0: Swinging Strike
1-1: Swinging Strike
1-2: Ball
2-2: Foul Ball, location: 2F
2-2: Strikes out swinging
Top of the 9th over - 0 runs, 0 hits, 0 errors, 0 left on base; Rocky Mountain 3 - Ft. Worth 4
Sunday, March 18th, 2018 - OOTP Baseball 18.8 Build 76